 Dungeon Crawl Stone Soup version 0.19.5 (webtiles) character file.

1162 Scud the Spear-Bearer (level 8, 0/68 HPs)
             Began as a Merfolk Gladiator on Mar 15, 2017.
             Was an Initiate of Dithmenos.
             Succumbed to an orc wizard's poison
             ... on level 5 of the Dungeon.
             The game lasted 00:30:26 (5468 turns).

Scud the Spear-Bearer (Merfolk Gladiator)           Turns: 5468, Time: 00:30:27

Health: 0/68       AC: 12    Str: 15    XL:     8   Next: 39%
Magic:  8/8        EV:  9    Int:  9    God:    Dithmenos [......]
Gold:   114        SH:  0    Dex: 15    Spells: 0 memorised, 7 levels left

rFire  . . .     SeeInvis .     d - +0 trident (pierce)
rCold  . . .     Gourm    .     v - +0 chain mail
rNeg   . . .     Faith    .     (no shield)
rPois  .         Spirit   .     c - +1 helmet
rElec  .         Reflect  .     (no cloak)
rCorr  .         Harm     .     (no gloves)
MR     .....                    (no boots)
Stlth  ..........               (no amulet)
                                (no ring)
                                (no ring)

@: lethally poisoned (0 -> -30)
A: change form in water, swift swim, stealthy swim, rugged brown scales 1,
blurry vision 1, clever 1, robust 1, weak 1
a: Renounce Religion


You were on level 5 of the Dungeon.
You worshipped Dithmenos.
Dithmenos was noncommittal.
You were not hungry.

You visited 1 branch of the dungeon, and saw 5 of its levels.
You also visited: Sewer.

You collected 114 gold pieces.

Inventory:

Hand Weapons
 a - a +0 trident
 d - a +0 trident of piercing (weapon)
 l - a +0 quarterstaff
 u - a +0 hand axe
Missiles
 e - 124 stones (quivered)
Armour
 b - a +0 leather armour
 c - a +1 helmet (worn)
 v - a +0 chain mail (worn)
Jewellery
 i - an uncursed ring of poison resistance {unknown}
 j - an uncursed ring of fire
 m - an uncursed ring of ice {unknown}
 q - an uncursed ring of positive energy {unknown}
Wands
 n - a wand of paralysis (14/24)
 t - a wand of flame (12/48)
Scrolls
 h - 2 scrolls of teleportation
 k - 13 scrolls of identify
 r - a scroll of fear
Potions
 o - 5 potions of flight
Comestibles
 f - 2 bread rations
 g - a meat ration


   Skills:
 + Level 4.8 Fighting
 + Level 10.0 Polearms
 + Level 2.3 Throwing
 + Level 3.1 Armour
 + Level 5.8 Dodging
 + Level 2.4 Stealth


You had 7 spell levels left.
You didn't know any spells.

Dungeon Overview and Level Annotations

Branches:
Dungeon (5/15)
 Temple: D:4-7

Altars:
Dithmenos


Innate Abilities, Weirdness & Mutations

You revert to your normal form in water.
You are very nimble and swift while swimming.
You are very stealthy in the water. (Stealth+)
You are partially covered in rugged brown scales. (AC +1, +3% HP)
Scrolls take you a little longer to read.
Your mind is acute. (Int +2)
You are robust. (+10% HP)
You are weak. (Str -2)


Message History

You see here an encrusted glass wand.
n - a wand of paralysis
* * * LOW HITPOINT WARNING * * *
You feel sick.
Okay, then.
You don't know any spells.
You don't know any spells.
Press: ? - help, v - describe, . - travel The floor.
What are your orders? t - Shout!
Orders for allies: a - Attack new target. r - Retreat! s - Stop attacking. g - Guard the area. f - Follow me.
Anything else - Cancel.
Okay, then.
Attack whom?
Press: ? - help, Dir - move target cursor You reach to attack!
You attack empty space.
You die...

#...........#
##..#.#..##..#
##.##.##†.# #...#.###.#
#...#.# #.# #...#.# #.#
#...#.# #.# ##.....# #.#
#.@.##.# #.# ..###
###..###.###.######
......#.)[## #..#.......#
^......>.)####..<.......#
...#.....###...........##
###...###...........#
#.................####
##..###.............P.
##...###.............#P


There were no monsters in sight!

Vanquished Creatures
  Grinder (D:4)
  Purgy (Sewer)
  A phantom (D:4)
  The ghost of raikaria the Slasher, an amateur HEWr of Okawaru (Sewer)
  The ghost of Paps the Covered, an amateur GrFi (D:3)
  Blork the orc (D:4)
  A scorpion (D:5)
  A jelly (D:4)
  A bullfrog skeleton (D:3)
  A hound (D:5)
  3 orc wizards
  2 iguanas (D:4)
  Terence (D:3)
  3 worker ants (D:4)
  A hound skeleton (D:4)
  5 adders
  An ooze (D:1)
  An adder skeleton (D:5)
  An adder zombie (D:5)
  4 worms
  3 dart slugs
  7 leopard geckos
  10 orcs
  3 ball pythons
  10 giant cockroaches
  7 goblins
  7 hobgoblins
  7 jackals
  11 kobolds
  A quokka (D:2)
  5 bats
  7 frilled lizards
  2 leopard gecko skeletons (D:4)
  9 rats
121 creatures vanquished.

Notes
Turn   | Place    | Note
-------+----------+-------------------------------------------
     0 | D:1      | Scud the Merfolk Gladiator began the quest for the Orb.
     0 | D:1      | Reached XP level 1. HP: 16/16 MP: 1/1
     0 | D:1      | Noticed a tentacled monstrosity
     0 | D:1      | Noticed an orb of fire
     1 | D:1      | Noticed a shadow dragon
     3 | D:1      | Noticed an iron dragon
     3 | D:1      | Noticed a shadow dragon
     6 | D:1      | Noticed an iron dragon
     8 | D:1      | Noticed a shadow dragon
    12 | D:1      | Noticed an iron dragon
    14 | D:1      | Noticed an ice dragon
    16 | D:1      | Noticed an orb of fire
    16 | D:1      | Noticed a large abomination
    18 | D:1      | Noticed a large abomination
    18 | D:1      | Noticed a shadow dragon
    68 | D:1      | Noticed a large abomination
    90 | D:1      | Reached XP level 2. HP: 22/22 MP: 2/2
   228 | D:1      | HP: 1/23 [kobold/spear (5)]
   229 | D:1      | Reached XP level 3. HP: 2/28 MP: 3/3
   528 | D:1      | Reached skill level 5 in Polearms
   562 | D:1      | Gained mutation: You are robust. (+10% HP) [potion of mutation]
   562 | D:1      | Gained mutation: You are partially covered in rugged brown scales. (AC +1, +3% HP) [potion of mutation]
   562 | D:1      | Gained mutation: You are weak. (Str -2) [potion of mutation]
  1318 | D:3      | Reached XP level 4. HP: 36/38 MP: 4/4
  1504 | D:3      | Reached skill level 6 in Polearms
  1504 | D:3      | Reached skill level 1 in Armour
  1504 | D:3      | Reached skill level 5 in Dodging
  1504 | D:3      | Reached XP level 5. HP: 29/44 MP: 5/5
  1670 | D:3      | Found a glowing drain.
  1674 | Sewer    | Entered a sewer
  1684 | Sewer    | Noticed raikaria's ghost (amateur HEWr)
  1697 | Sewer    | Killed raikaria's ghost
  1789 | Sewer    | Noticed Purgy
  1960 | Sewer    | Killed Purgy
  1960 | Sewer    | Reached skill level 7 in Polearms
  1960 | Sewer    | Reached skill level 1 in Stealth
  1960 | Sewer    | Reached XP level 6. HP: 25/53 MP: 6/6
  2581 | D:3      | Noticed Paps's ghost (amateur GrFi)
  2939 | D:3      | Noticed Terence
  2962 | D:3      | Killed Terence
  3308 | D:3      | Killed Paps's ghost
  3308 | D:3      | Reached skill level 8 in Polearms
  3308 | D:3      | Reached XP level 7. HP: 17/58 MP: 7/7
  3897 | D:4      | Gained mutation: Scrolls take you a little longer to read. [potion of mutation]
  3897 | D:4      | Gained mutation: Your mind is acute. (Int +2) [potion of mutation]
  4124 | D:4      | Noticed Grinder
  4124 | D:4      | Noticed Blork the orc
  4136 | D:4      | Killed Blork the orc
  4136 | D:4      | Reached skill level 9 in Polearms
  4158 | D:4      | Paralysed by Grinder for 7 turns
  4190 | D:5      | Entered Level 5 of the Dungeon
  4598 | D:4      | Killed Grinder
  4598 | D:4      | Reached XP level 8. HP: 19/68 MP: 8/8
  5035 | D:4      | Found a shadowy altar of Dithmenos.
  5038 | D:4      | Became a worshipper of Dithmenos the Shadowed
  5450 | D:5      | Reached skill level 10 in Polearms
  5466 | D:5      | HP: 3/68 [poisoned by an orc wizard]
  5468 | D:5      | Succumbed to an orc wizard's poison

Skill      XL: |  1  2  3  4  5  6  7  8 |
---------------+-------------------------+-----
Polearms       | 5 6 7 8 9 10 | 10.0
Armour         | 1 2 3 |  3.1
Dodging        | 5 |  5.8
Fighting       | 3 4 |  4.8
Stealth        | 1 2 |  2.4
Throwing       | |  2.3

Action                   |  1- 3 |  4- 6 |  7- 9 || total
-------------------------+-------+-------+-------++-------
Melee: Trident           |   131 |   189 |   231 ||   551
       Tailslap          |       |    10 |       ||    10
Throw: Throwing net      |     3 |     2 |     2 ||     7
       Stone             |       |     1 |     1 ||     2
  Use: Scroll            |     3 |     3 |     3 ||     9
       Potion            |     3 |     6 |     1 ||    10
 Stab: Sleeping          |       |     2 |       ||     2
       Held in net/web   |       |       |     4 ||     4
  Eat: Fruit             |     1 |     1 |     1 ||     3
       Chunk             |     1 |     1 |     1 ||     3
       Bread ration      |       |     1 |     1 ||     2
       Pizza             |       |       |     1 ||     1
Armor: Leather armour    |    40 |    29 |       ||    69
       Chain mail        |       |    10 |   102 ||   112
Dodge: Dodged            |   105 |   160 |    82 ||   347
